AoeStats
← So sad

Pilgrims

509176311Analyzed
3v3 RM · 5d ago on Sep 25, 2026· 30m 17s· 6 players
Game mode
Random Map
Map size
Normal (6 player)
Population
200
Speed
Normal
Resources
Standard
Victory
Conquest
Starting age
Dark Age
Ending age
Imperial Age
RankedLock teamsTeams togetherTeam positionsShared explorationLock speedFull tech treeHidden civsTurbo modeCheats
Victory
Defeat
🇺🇦 Armenians · Ukraine
1397
+15
🇧🇾 Mongols · Belarus
1393
+16
🇧🇾 Malay · Belarus
1386
+16
🇨🇭 Dravidians · Switzerland
1392
-16
🇨🇭 Britons · Switzerland
1391
-16
🇧🇪 Malians · Belgium
1369
-15
TurdLips
7:05 Loom
10:57 Feudal Age
11:24 Man-at-Arms
11:58 Double-Bit Axe
13:03 Arson
13:38 Scale Mail Armor
13:48 Forging
18:35 Castle Age
17:26 Bloodlines
17:47 Scale Barding Armor
19:01 Wheelbarrow
19:59 Iron Casting
20:07 Husbandry
22:00 Padded Archer Armor
22:34 Fletching
23:21 Bow Saw
ChickenHunter
8:57 Loom
11:37 Feudal Age
17:20 Fletching
18:25 Wheelbarrow
19:34 Padded Archer Armor
24:12 Horse Collar
24:25 Double-Bit Axe
Hannibal Lecture
11:25 Feudal Age
12:00 Double-Bit Axe
12:03 Loom
17:34 Forging
23:09 Castle Age
21:48 Fletching
24:08 Medium Warships
23:55 Bodkin Arrow
28:26 Ballistics
28:46 Clinker Construction
29:41 Wheelbarrow
28:52 Town Watch
29:47 Horse Collar
30:26 Bow Saw
HURMA
7:34 Loom
11:06 Feudal Age
11:36 Town Watch
11:57 Double-Bit Axe
12:24 Fishing Lines
20:45 Castle Age
18:56 Forging
20:22 Wheelbarrow
19:49 Horse Collar
21:32 Scale Mail Armor
22:02 Bow Saw
21:25 Pikeman
22:07 Squires
22:52 Medium Warships
22:33 Gillnets
23:46 Heavy Plow
29:11 Imperial Age
27:21 Gold Mining
27:50 Stone Mining
28:54 Clinker Construction
29:40 Careening
30:26 Heavy Warships
30:38 Carvel Hull
So sad
4:00 Loom
13:11 Feudal Age
13:09 Town Watch
16:08 Fishing Lines
20:09 Castle Age
19:14 Stone Mining
20:55 Stone Shaft Mining
24:12 Fletching
26:42 Double-Bit Axe
27:29 Squires
30:44 Wheelbarrow
NiL
5:40 Loom
12:39 Feudal Age
12:45 Man-at-Arms
13:56 Long Swordsman
16:09 Scale Barding Armor
16:07 Scale Mail Armor
16:17 Forging
24:02 Castle Age
23:45 Fletching
25:26 Chain Mail Armor
26:56 Squires
27:48 Arson
28:08 Double-Bit Axe
30:06 Gambesons
29:43 Two-Handed Swordsman
Connection lost

Rejoining the realm…

Still unreachable

The connection could not be restored.

Session expired

The server has moved on; the page needs a fresh start.